AoeStats
← Your Mom

Arabia

506230633Analyzed
3v3 RM · 20d ago on Sep 12, 2026· 55m 48s· 6 players
Game mode
Random Map
Map size
Normal (6 player)
Population
200
Speed
Normal
Resources
Standard
Victory
Conquest
Starting age
Dark Age
Ending age
Imperial Age
RankedLock teamsTeams togetherTeam positionsShared explorationLock speedFull tech treeHidden civsTurbo modeCheats
Victory
Defeat
🇪🇸 Slavs · Spain
830
+14
🇩🇪 Franks · Germany
827
+14
🇧🇷 Huns · Brazil
800
+15
🇬🇧 Magyars · United Kingdom
793
-14
🇪🇸 Tupi · Spain
787
-15
🇩🇪 Malians · Germany
763
-14
Mameluco
3:17 Loom
10:11 Feudal Age
11:20 Double-Bit Axe
19:49 Castle Age
18:17 Horse Collar
19:55 Gold Mining
20:49 Bow Saw
24:21 Fletching
24:31 Padded Archer Armor
26:35 Murder Holes
27:20 Bodkin Arrow
27:14 Pikeman
30:03 Wheelbarrow
29:13 Town Watch
YasD_001
0:32 Loom
12:31 Feudal Age
13:23 Double-Bit Axe
13:20 Horse Collar
21:24 Castle Age
19:38 Scale Mail Armor
21:10 Arson
22:29 Gold Mining
23:24 Heavy Plow
23:52 Bow Saw
25:36 Pikeman
25:40 Light Cavalry
27:13 Wheelbarrow
26:36 Stone Mining
27:51 Bloodlines
28:35 Scale Barding Armor
30:23 Hand Cart
29:55 Town Watch
30:27 Treadmill Crane
33:49 Masonry
34:40 Town Patrol
37:23 Imperial Age
35:00 Husbandry
37:14 Murder Holes
37:41 Ballistics
38:07 Fletching
38:18 Padded Archer Armor
38:39 Chain Barding Armor
39:16 Bodkin Arrow
41:18 Gold Shaft Mining
42:01 Conscription
44:29 Plate Barding Armor
43:58 Bracer
44:15 Leather Archer Armor
46:30 Recurve Bow
48:28 Hoardings
47:34 Heavy Cavalry Archer
48:40 Parthian Tactics
48:21 Thumb Ring
50:54 Two-Man Saw
50:37 Ring Archer Armor
hoodwatcher609
11:08 Feudal Age
17:10 Castle Age
16:38 Stone Mining
16:36 Double-Bit Axe
16:34 Horse Collar
40:12 Imperial Age
38:45 Wheelbarrow
38:21 Squires
38:13 Pikeman
43:10 Arson
45:39 Hand Cart
46:51 Bow Saw
47:24 Heavy Camel Rider
cabezadevaca
11:42 Feudal Age
9:58 Loom
11:48 Feudal Age
14:04 Double-Bit Axe
15:34 Wheelbarrow
14:53 Horse Collar
16:13 Bloodlines
19:51 Gold Mining
23:46 Castle Age
24:58 Hand Cart
24:46 Heavy Plow
27:05 Bow Saw
27:01 Light Cavalry
28:18 Husbandry
30:22 Town Watch
40:49 Marauders
46:05 Scale Barding Armor
46:10 Forging
gpascual92
3:06 Loom
13:06 Feudal Age
13:34 Horse Collar
17:39 Town Watch
20:57 Castle Age
20:45 Bloodlines
21:13 Double-Bit Axe
22:23 Heavy Plow
24:14 Elite Skirmisher
27:16 Masonry
27:30 Fletching
27:41 Padded Archer Armor
27:20 Light Cavalry
28:56 Forging
30:45 Ballistics
30:55 Bodkin Arrow
32:06 Murder Holes
33:14 Wheelbarrow
32:41 Stone Mining
34:44 Hand Cart
39:12 Imperial Age
39:06 Scale Barding Armor
39:59 Iron Casting
41:24 Heavy Scorpion
43:28 Sappers
44:21 Conscription
44:03 Detinets
45:21 Blast Furnace
44:22 Scale Mail Armor
44:43 Chain Barding Armor
44:39 Leather Archer Armor
46:10 Gold Mining
47:31 Chain Mail Armor
48:51 Pikeman
49:31 Squires
50:59 Bow Saw
50:16 Halberdier
52:41 Husbandry
53:20 Ring Archer Armor
54:35 Hoardings
55:04 Gold Shaft Mining
56:27 Druzhina
Your Mom
0:27 Loom
10:09 Feudal Age
10:42 Double-Bit Axe
22:47 Wheelbarrow
24:54 Castle Age
23:48 Gold Mining
23:54 Stone Mining
26:24 Bow Saw
26:49 Husbandry
26:11 Light Cavalry
27:18 Caravan
27:39 Scale Barding Armor
30:39 Chain Barding Armor
30:30 Forging
32:43 Fortified Wall
35:48 Gold Shaft Mining
35:37 Ballistics
38:13 Imperial Age
39:37 Conscription
39:08 Cavalier
39:18 Capped Ram
41:20 Paladin
45:47 Chivalry
54:37 #83
53:39 Elite Throwing Axeman
Connection lost

Rejoining the realm…

Still unreachable

The connection could not be restored.

Session expired

The server has moved on; the page needs a fresh start.